Map: Terraços Prion

Players

TheZergLord - Winner!

  • Race: Zerg Zerg
  • League: Master

Zlatan

  • Race: Zerg Zerg
  • League: Master

VOD

Have the link to the VOD?

Description

Time

  • Played on: May 5, 2016, 1:37 p.m.
  • Length: 4:20
Show
View Real Time Build Order
Export as new Build Order

TheZergLord Zerg - Winner!

Build Orders: Hatch First, Zergling Baneling 

Get SALT Encoding   

  12  0:01  Drone  
  13  0:13  Overlord  
  13  0:17  Drone  
  14  0:32  Drone x2  
  16  0:36  Drone  
  17  0:52  Hatchery  
  17  0:55  Drone  
  17  1:09  Spawning Pool  
  17  1:10  Extractor  
  15  1:13  Drone  
  15  1:17  Drone  
  17  1:21  Drone  
  18  1:29  Drone  
  19  1:41  Overlord  
  19  1:55  Queen  
  19  1:56  Zergling x2  
  19  2:01  Drone  
  23  2:04  Drone  
  23  2:08  Queen  
  26  2:13  Metabolic Boost  
  26  2:16  Drone  
  26  2:20  Drone  
  28  2:29  Drone x2  
  30  2:43  Hatchery  
  29  2:47  Baneling Nest  
  29  2:48  Overlord  
  27  2:53  Zergling x4  
  27  2:54  Zergling x2  
  30  3:01  Zergling x4  
  30  3:05  Zergling x4  
  34  3:06  Zergling x2  
  34  3:09  Zergling x2  
  36  3:14  Zergling x2  
  36  3:19  Zergling x6  
  40  3:20  Zergling x2  
  41  3:28  Zergling x4  
  43  3:35  Overlord  
  43  3:42  Baneling x6  
  43  3:45  Overlord  
  43  3:49  Roach Warren  
  43  3:53  Baneling  
  43  3:54  Baneling x2  
  39  4:08  Drone  
Show
View Real Time Build Order
Export as new Build Order

Zlatan Zerg 

Build Orders: Hatch First 

Get SALT Encoding   

  12  0:00  Drone  
  13  0:12  Overlord  
  13  0:17  Drone  
  14  0:30  Drone x2  
  14  0:35  Drone  
  17  0:52  Hatchery  
  17  0:55  Drone  
  17  1:10  Spawning Pool  
  16  1:12  Drone  
  16  1:14  Extractor  
  16  1:17  Drone  
  17  1:20  Drone  
  18  1:28  Drone  
  19  1:40  Overlord  
  19  1:56  Queen  
  21  2:04  Zergling x4  
  21  2:05  Queen  
  21  2:06  Drone  
  26  2:11  Drone  
  27  2:17  Metabolic Boost  
  27  2:20  Drone  
  28  2:29  Drone  
  29  2:30  Drone  
  29  2:36  Baneling Nest  
  29  2:41  Queen  
  29  2:44  Overlord  
  31  2:45  Drone x2  
  33  2:56  Drone x2  
  35  3:10  Drone x2  
  35  3:12  Hatchery  
  36  3:16  Overlord  
  36  3:23  Zergling x4, Roach Warren  
  37  3:31  Drone x3  
  37  3:32  Extractor  
  37  3:33  Drone  
  40  3:35  Zergling x4  
  41  3:43  Drone  
  41  3:45  Baneling x2  
  42  3:51  Zergling x6  
  42  3:52  Overlord  
Tags
 
Add a new tag
Caveats
  • Supply blocks, unpowered buildings, or Contaminate may cause inaccurate times.
  • Supply counts are checked every 10 seconds.